[Event "*** Titled Tuesday Blitz"]
[Site "Chess.com"]
[Date "2020.12.29"]
[Round "11"]
[White "vanyakuba"]
[Black "Lady_Nika"]
[Result "0-1"]
[WhiteElo "2447"]
[BlackElo "2341"]
[TimeControl "180+1"]
[EndTime "12:04:41 PST"]
[Termination "Lady_Nika won on time"]

1. e4 e6 2. d4 d5 3. exd5 exd5 4.
Nf3 Nf6 5. c4 c6 6. Nc3 Be7 7.
cxd5 cxd5 8. Bd3 O-O 9. h3 Nc6 10. O-O h6 11. a3 a6 12. Re1 Re8 13. b4 b5 14. Bb2 Bd7 15. Rc1 Qb6 16. Ne5 Rad8 17.
Ne2 Nxe5 18. dxe5 Ne4 19. Bd4 Qb7 20. f3 Ng5 21. Qd2 Ne6 22. f4 Nxd4 23. Nxd4 Rc8 24. Bf5 Bxf5 25. Nxf5 Rc4 26. Rcd1 Rd8 27. Kh2 Bf8 28.
g3 d4 29. Rc1 Qc8 30. g4 g6 31.
Ng3 Qc6 32. Ne4 Bg7 33. Kg2 Rxc1 34. Qxc1 Qd5 35. Qc5 Qa2+ 36. Kg1 d3 37. f5 d2 38. Rd1 Qb3 39. Nf2 Qg3+ 40. Kf1 gxf5 41. gxf5 Bxe5 42. Qc6 Bd4 0-1

[Event "*** Titled Tuesday Blitz"]
[Site "Chess.com"]
[Date "2020.12.29"]
[Round "11"]
[White "Love_craft"]
[Black "ViktoriyaTarasova"]
[Result "1-0"]
[WhiteElo "2475"]
[BlackElo "2345"]
[TimeControl "180+1"]
[EndTime "12:04:41 PST"]
[Termination "Love_craft won by resignation"]

1. Nf3 Nf6 2. g3 b6 3. Bg2 Bb7 4. O-O e6 5. d3 d5 6. Nbd2 Nbd7 7.
c3 Bd6 8. Qc2 O-O 9. b3 c5 10.
Bb2 Qe7 11. Rad1 e5 12. e4 d4 13. c4 Ne8 14. Nh4 g6 15. Bc1 Ng7 16. Rde1 Rab8 17. Bh3 f5 18. exf5 gxf5 19. f4 Rbe8 20. fxe5 Nxe5 21.
Nxf5 Nxf5 22. Bxf5 Qg7 23. Be4 Bxe4 24. Rxf8+ Rxf8 25.
Rxe4 Ng4 26. Nf1 h5 27. Qe2 Rf2 28. Re8+ Kh7 29. Qe4+ Qg6 30. Rh8+ Kg7 31. Rg8+ 1-0

[Event "*** Titled Tuesday Blitz"]
[Site "Chess.com"]
[Date "2020.12.29"]
[Round "11"]
[White "The_filthy"]
[Black "Alexey_Ustinov"]
[Result "0-1"]
[WhiteElo "2307"]
[BlackElo "2454"]
[TimeControl "180+1"]
[EndTime "12:04:42 PST"]
[Termination "Alexey_Ustinov won by checkmate"]

1. e4 d5 2. exd5 Qxd5 3. Nc3 Qa5 4. Nf3 Nf6 5. Be2 Bg4 6. O-O Nc6 7. h3 Bh5 8. a3 e6 9. d3 O-O-O 10. Bd2 Qf5 11.
Nh4 Bxe2 12. Nxe2 Qh5 13. Nf3 Bd6 14. Bf4 e5 15. Bh2 e4 16. Nd2 Bxh2+ 17. Kxh2 exd3 18. cxd3 Rxd3 19. Nf4 Qe5 20. g3 Rd7 21. Qc2 Rhd8 22.
Nc4 Qe4 23. Qa4 Ne5 24. Rac1 Nf3+ 25. Kh1 Kb8 26. b3 g5 27. Ng2 Qe6 28. g4 Nxg4 29.
Rce1 Nxf2+ 30. Rxf2 Qxh3# 0-1

[Event "*** Titled Tuesday Blitz"]
[Site "Chess.com"]
[Date "2020.12.29"]
[Round "11"]
[White "GMJustin"]
[Black "zverr1"]
[Result "0-1"]
[WhiteElo "2301"]
[BlackElo "2435"]
[TimeControl "180+1"]
[EndTime "12:04:43 PST"]
[Termination "zverr1 won on time"]

1. d4 Nf6 2. c4 e6 3. Nc3 d5 4. Bg5 Bb4 5. e3 h6 6. Bxf6 Qxf6 7. Qb3 Bxc3+ 8. Qxc3 O-O 9. cxd5 exd5 10. Qxc7 Nc6 11. Bd3 Bf5 12. Bxf5 Qxf5 13. Nf3 Qd3 14. Qd6 a5 15.
Qa3 Qa6 16. Qc3 Rac8 17. Rc1 Nb4 18. Qxc8 Rxc8 19. Rxc8+ Kh7 20. Rc3 Nxa2 21. Rc2 Nb4 22. Rd2 Qc4 23. h4 Qc1+ 24. Rd1 Qxb2 25. O-O a4 26.
Rb1 Qc3 27. Rfc1 Qa3 28. Rc7 Nc6 29. Rcxb7 Qd3 0-1

[Event "*** Titled Tuesday Blitz"]
[Site "Chess.com"]
[Date "2020.12.29"]
[Round "11"]
[White "Xeslu"]
[Black "BeanScreen"]
[Result "0-1"]
[WhiteElo "2296"]
[BlackElo "2601"]
[TimeControl "180+1"]
[EndTime "12:04:43 PST"]
[Termination "BeanScreen won on time"]

1. e4 e5 2. Nf3 Nc6 3. Bb5 a6 4. Ba4 d6 5. Bxc6+ bxc6 6. d4 exd4 7. Nxd4 c5 8. Nf5 Bxf5 9. exf5 Nf6 10. O-O Be7 11.
Qf3 O-O 12. Nc3 Rb8 13. b3 Nd7 14. Nd5 Bf6 15. Rb1 Re8 16. c4 Ne5 17. Qg3 Nc6 18. Bh6 Nd4 19. Qg4 c6 20. Bxg7 Bxg7 21. f6 Ne6 22. Rbe1 Rb7 23. fxg7 cxd5 24. cxd5 Nxg7 25. Qa4 Rbe7 26. Rxe7 Rxe7 27. Qxa6 Re5 28. Qc6 Nf5 29. a4 Re2 30. Qb5 Rd2 31. a5 Qg5 32. a6 Ne3 33.
Qe8+ Kg7 34. Qxe3 Qxd5 35. a7 Ra2 36. Qg3+ Kf8 37. Qh4 Rxa7 38. Qxh7 Qe5 39. Qh6+ Ke7 40. Qh4+ Kd7 41. Qc4 Ra2 42. Qxf7+ Kc6 43. Qc4 Qb2 0-1

[Event "*** Titled Tuesday Blitz"]
[Site "Chess.com"]
[Date "2020.12.29"]
[Round "11"]
[White "Godzillator"]
[Black "WPWPWP-2015"]
[Result "0-1"]
[WhiteElo "2344"]
[BlackElo "2474"]
[TimeControl "180+1"]
[EndTime "12:04:50 PST"]
[Termination "WPWPWP-2015 won by resignation"]

1. d4 Nf6 2. c4 e6 3. Nc3 Bb4 4. Qc2 d5 5. cxd5 Qxd5 6. Nf3 Qf5 7. Qxf5 exf5 8. a3 Be7 9. Bf4 c6 10. e3 Nbd7 11. Bd3 Nb6 12. Nd2 Be6 13. h3 a5 14. O-O g6 15. Rfc1 Nfd5 16. Bg3 h5 17.
Nxd5 Bxd5 18. Nc4 Nxc4 19. Bxc4 Be6 20. Bxe6 fxe6 21. Be5 Rg8 22. a4 g5 23. Kf1 g4 24.
hxg4 fxg4 25. g3 Kd7 26. Ke2 Bd6 27. Bxd6 Kxd6 28. Rh1 Rg5 29. Rac1 b6 30. Rh4 b5 31.
axb5 cxb5 32. Rc5 Rxc5 33. dxc5+ Kxc5 34. Rxh5+ Kc4 35. Rg5 b4 36. Rxg4+ Kb3 37. Re4 Kxb2 38. g4 a4 39. Rxb4+ Kc2 40. Re4 a3 41. Rxe6 a2 42.
Rc6+ Kb2 43. Rb6+ Ka3 0-1

[Event "*** Titled Tuesday Blitz"]
[Site "Chess.com"]
[Date "2020.12.29"]
[Round "11"]
[White "GMHess"]
[Black "FairChess_on_YouTube"]
[Result "0-1"]
[WhiteElo "2890"]
[BlackElo "3021"]
[TimeControl "180+1"]
[EndTime "12:04:52 PST"]
[Termination "FairChess_on_YouTube won by resignation"]

1. d4 Nf6 2. c4 e6 3. Nc3 Bb4 4. Bd2 O-O 5. a3 Bxc3 6. Bxc3 Ne4 7. Rc1 d6 8. g3 b6 9. Bg2 Bb7 10. Nf3 Nd7 11. O-O f5 12. Nd2 Ndf6 13. Nxe4 Bxe4 14. f3 Bb7 15. Qd3 Qe8 16. e4 fxe4 17. fxe4 Qg6 18. d5 e5 19. b4 Bc8 20. Bd2 Qh5 21. c5 Bh3 22. cxd6 cxd6 23. Bf3 Ng4 24. Qe2 Bxf1 25.
Rxf1 Qh3 26. Bxg4 Rxf1+ 27. Qxf1 Qxg4 28. Qc4 Qd1+ 0-1

[Event "*** Titled Tuesday Blitz"]
[Site "Chess.com"]
[Date "2020.12.29"]
[Round "11"]
[White "Macron20hTF1"]
[Black "Vesper2018"]
[Result "0-1"]
[WhiteElo "2501"]
[BlackElo "2630"]
[TimeControl "180+1"]
[EndTime "12:04:52 PST"]
[Termination "Vesper2018 won on time"]

1. g3 Nf6 2. Bg2 g6 3. d3 Bg7 4. f4 O-O 5. Nf3 d5 6. O-O c5 7. c3 Nc6 8. Na3 Bf5 9. Nh4 Qd7 10. Nxf5 gxf5 11. h3 e6 12. Bf3 a6 13. Kh1 b5 14.
Nc2 d4 15. cxd4 cxd4 16. Bd2 Nd5 17. Rg1 Kh8 18. g4 fxg4 19. hxg4 Qd6 20. Qf1 Rac8 21. Be4 f5 22. Bf3 Nxf4 23. Ne1 Be5 24. Ng2 Nh3 25. Nh4 Nxg1 26. Qxg1 Bf4 27. Be1 Rg8 28. Qg2 Ne5 29. Bb7 Rc7 30. Ba8 Rxg4 31. Qh3 Rcg7 32. Bf2 Qd8 0-1

[Event "*** Titled Tuesday Blitz"]
[Site "Chess.com"]
[Date "2020.12.29"]
[Round "11"]
[White "Everyfishknows"]
[Black "Gulkov_Igor"]
[Result "0-1"]
[WhiteElo "2410"]
[BlackElo "2545"]
[TimeControl "180+1"]
[EndTime "12:04:53 PST"]
[Termination "Gulkov_Igor won by resignation"]

1. d4 Nf6 2. c4 g6 3. Nc3 Bg7 4.
e4 d6 5. Nf3 O-O 6. Be2 Bg4 7.
Be3 Nfd7 8. Rc1 a6 9. O-O c5 10. d5 Bxf3 11. Bxf3 b5 12. b3 Qa5 13. Qd2 bxc4 14. bxc4 Nb6 15. Be2 N8d7 16. Nb1 Qxd2 17. Nxd2 Na4 18. Rc2 Rfb8 19. Nb3 Nc3 20. Bd3 a5 21.
Nc1 Na4 22. Nb3 Nb2 23. Be2 a4 24. Nd2 a3 25. Rb1 Rb4 26. Nb3 Ne5 27. Nd2 Rab8 28.
Rcc1 Ned3 29. Bxd3 Nxd3 30. Rxb4 Nxb4 31. Rb1 Ra8 32. Ra1 Bxa1 0-1

[Event "*** Titled Tuesday Blitz"]
[Site "Chess.com"]
[Date "2020.12.29"]
[Round "11"]
[White "yobdc"]
[Black "Morshynska"]
[Result "1-0"]
[WhiteElo "2453"]
[BlackElo "2243"]
[TimeControl "180+1"]
[EndTime "12:04:55 PST"]
[Termination "yobdc won by checkmate"]

1. d4 d5 2. Nf3 Nf6 3. Bf4 c5 4. e3 Nc6 5. c3 e6 6. Nbd2 Bd6 7. Bg3 Qe7 8. Bb5 Bd7 9. O-O Bxg3 10. hxg3 O-O 11. Bxc6 Bxc6 12. Ne5 Rac8 13. g4 Nd7 14.
Nxd7 Bxd7 15. f4 Qh4 16. g5 f6 17. gxf6 gxf6 18. Rf3 e5 19. fxe5 Bg4 20. Rf4 h5 21.
Qb3 Qg3 22. Qxd5+ Kh8 23. Nf1 Qh4 24. exf6 cxd4 25. exd4 Rce8 26. g3 Qh3 27. Qg5 Rg8 28.
Qh6# 1-0

[Event "*** Titled Tuesday Blitz"]
[Site "Chess.com"]
[Date "2020.12.29"]
[Round "11"]
[White "rychessmaster1"]
[Black "kai_nov"]
[Result "0-1"]
[WhiteElo "2535"]
[BlackElo "2393"]
[TimeControl "180+1"]
[EndTime "12:04:56 PST"]
[Termination "kai_nov won by checkmate"]

1. e4 c5 2. Nf3 Nc6 3. b3 e5 4.
Bb2 d6 5. Bb5 Nf6 6. Bxc6+ bxc6 7.
Qe2 Nh5 8. O-O Nf4 9. Qe3 Be7 10. Na3 O-O 11. Nc4 f5 12. d3 Bg5 13. Nxg5 Qxg5 14.
g3 Nh3+ 15. Kh1 f4 16. gxf4 exf4 17. Qf3 Bg4 18. Qg2 f3 19. Qg3 d5 20. Ne3 h5 21.
exd5 Rf4 22. Nxg4 Qxg4 23. Qxg4 Rxg4 24. Bxg7 Rg1+ 25. Rxg1 Nxf2# 0-1

[Event "*** Titled Tuesday Blitz"]
[Site "Chess.com"]
[Date "2020.12.29"]
[Round "11"]
[White "ajdemipopushi"]
[Black "Chessdreamer2020"]
[Result "1-0"]
[WhiteElo "2363"]
[BlackElo "2474"]
[TimeControl "180+1"]
[EndTime "12:05:00 PST"]
[Termination "ajdemipopushi won by checkmate"]

1. Nf3 c5 2. g3 Nc6 3. Bg2 g6 4. c4 Bg7 5. O-O e6 6. Nc3 Nge7 7. e3 O-O 8. d4 cxd4 9. Nxd4 d5 10. cxd5 exd5 11.
Nxc6 bxc6 12. Bd2 Rb8 13. b3 Ba6 14. Re1 Nf5 15. Rc1 Nd6 16. Na4 Rc8 17. Nc5 Bb7 18.
Bb4 Re8 19. e4 dxe4 20. Nxb7 Nxb7 21. Qxd8 Rexd8 22. Bxe4 a5 23. Be7 Rd2 24. Bxc6 Nd8 25. Bb5 Rb8 26. Bg5 Rd5 27. Re8+ Bf8 28. Bh6 Nc6 29. Rxb8 Nxb8 30. Rc8 Nd7 31. Bxd7 Rd1+ 32. Kg2 Rxd7 33. Rxf8# 1-0

[Event "*** Titled Tuesday Blitz"]
[Site "Chess.com"]
[Date "2020.12.29"]
[Round "11"]
[White "stephan97"]
[Black "Carnivoras"]
[Result "0-1"]
[WhiteElo "2243"]
[BlackElo "2547"]
[TimeControl "180+1"]
[EndTime "12:05:00 PST"]
[Termination "Carnivoras won by checkmate"]

1. d4 d5 2. c4 c6 3. Nf3 Nf6 4. Nc3 Bg4 5. cxd5 Bxf3 6. gxf3 cxd5 7. Qb3 Qd7 8. Bf4 e6 9. e3 Nc6 10. Bd3 Bd6 11. Bxd6 Qxd6 12. f4 O-O 13. h4 a6 14.
h5 b5 15. h6 g6 16. a3 Rfc8 17. Rg1 Rab8 18. Qc2 b4 19. Bxg6 fxg6 20. Rxg6+ Kf7 21.
Rxf6+ Kxf6 22. Qxh7 Qe7 23. Qd3 bxc3 24. bxc3 Rh8 25. e4 Rxh6 26. e5+ Kf7 27. Ke2 Qh4 28.
Rg1 Rb2+ 29. Kd1 Qxf2 30. Kc1 Qxg1+ 31. Kxb2 Na5 32. Qxa6 Rh2+ 33. Qe2 Rxe2# 0-1

[Event "*** Titled Tuesday Blitz"]
[Site "Chess.com"]
[Date "2020.12.29"]
[Round "11"]
[White "rpragchess"]
[Black "Dinamo81"]
[Result "1-0"]
[WhiteElo "2843"]
[BlackElo "2667"]
[TimeControl "180+1"]
[EndTime "12:05:01 PST"]
[Termination "rpragchess won on time"]

1. Nf3 d5 2. g3 Bg4 3. Bg2 Nd7 4.
O-O Ngf6 5. d3 c6 6. Nbd2 e5 7. e4 Bd6 8. h3 Bh5 9. a4 a5 10. Qe1 Qc7 11. Nh4 Bg6 12. Kh1 Bb4 13. c3 Be7 14. Nxg6 hxg6 15. d4 dxe4 16. Nxe4 Nxe4 17. Qxe4 f5 18. Qe2 e4 19. f3 Qxg3 20. fxe4 Rxh3+ 21. Bxh3 Qxh3+ 22. Kg1 Nf6 23. exf5 gxf5 24. Qg2 Qxg2+ 25. Kxg2 g6 26. Rh1 Kd7 27. Bg5 Ne4 28. Bxe7 Kxe7 29.
Rh7+ Kf6 30. Rxb7 Rh8 31. Rh1 Rxh1 32. Kxh1 g5 33. b4 1-0

[Event "*** Titled Tuesday Blitz"]
[Site "Chess.com"]
[Date "2020.12.29"]
[Round "11"]
[White "MasterMK73"]
[Black "SanchezKelvin"]
[Result "1-0"]
[WhiteElo "2250"]
[BlackElo "2402"]
[TimeControl "180+1"]
[EndTime "12:05:04 PST"]
[Termination "MasterMK73 won by resignation"]

1. e4 c5 2. c3 d6 3. d4 Nd7 4. Bd3 g6 5. Nf3 Bg7 6. O-O Ngf6 7. e5 dxe5 8. dxe5 Ng4 9. e6 Nde5 10. exf7+ Kxf7 11. Qb3+ e6 12. Ng5+ Kf8 13. Be2 Qe7 14. f4 c4 15. Qa3 Qxa3 16. Nxa3 h6 17. fxe5+ Ke8 18.
Nf7 Nxe5 19. Nxh8 Bxh8 20. Nxc4 Nf7 21. Be3 e5 22. Bc5 Be6 23. Nd6+ Nxd6 24. Bxd6 Bg7 25. Bb5+ Bd7 26. Bxd7+ Kxd7 27. Rad1 Ke6 28. Ba3 e4 29. Rd6+ Ke5 30. Rd7 Bf6 31. Bc5 Bg5 32. Rxb7 e3 33. Re1 Ke4 34. Rb4+ Kd3 35. Rd4+ Kc2 36. Ba3 Re8 37.
g3 e2 38. Rf4 Bxf4 39. gxf4 Kd2 40. Kf2 Re3 41. Bc5 Rh3 42. Rxe2+ Kd3 43. Re3+ Rxe3 44. Bxe3 1-0

[Event "*** Titled Tuesday Blitz"]
[Site "Chess.com"]
[Date "2020.12.29"]
[Round "11"]
[White "lamomiablanca"]
[Black "nitpicker"]
[Result "1-0"]
[WhiteElo "2271"]
[BlackElo "2239"]
[TimeControl "180+1"]
[EndTime "12:05:04 PST"]
[Termination "lamomiablanca won on time"]

1. e4 d5 2. exd5 Qxd5 3. Nc3 Qd8 4. d4 Nf6 5. Nf3 Bg4 6. Be3 e6 7. Be2 c6 8. O-O Nbd7 9. Qd2 Bd6 10. Rad1 Qc7 11. h3 Bh5 12. a3 h6 13. Rfe1 O-O-O 14. b4 g5 15. b5 c5 16. b6 Nxb6 17. Nb5 Qe7 18. Nxa7+ Kb8 19. Nb5 Ne4 20. Qa5 Nc8 21. dxc5 Bxc5 22. Bxc5 Nxc5 23. Nfd4 Bxe2 24. Nxe2 Rxd1 25.
Rxd1 b6 26. Qb4 Rd8 27. Ned4 Qb7 28. Nc6+ Qxc6 29. Rxd8 Na6 30. Qd4 Qxb5 31. Qd6+ Nc7 32. Qf8 Qa6 33. Qxf7 Kb7 34. Qf8 Na7 35. Rb8+ Kc6 36.
Qf3+ Kb5 37. Rd8 Nc6 38. Rd6 Nd5 39. Rxe6 Nce7 40. Re5 Qb7 41. Qe4 Qc6 42. a4+ Ka6 43.
c4 Qxa4 44. cxd5 Qxe4 45. Rxe4 Nxd5 46. Re6 Ka5 47. Rxh6 b5 48. Rh5 Nc3 49. Rxg5 Ka4 50. Kf1 b4 51. Rg4 Kb5 52. Ke1 1-0

[Event "*** Titled Tuesday Blitz"]
[Site "Chess.com"]
[Date "2020.12.29"]
[Round "11"]
[White "stasiek18"]
[Black "pastouche06"]
[Result "0-1"]
[WhiteElo "2387"]
[BlackElo "2517"]
[TimeControl "180+1"]
[EndTime "12:05:06 PST"]
[Termination "pastouche06 won by resignation"]

1. e4 c6 2. Nc3 d5 3. Nf3 dxe4 4. Nxe4 Nf6 5. Ng3 c5 6. Bc4 Nc6 7. O-O e6 8. Re1 Be7 9. b3 O-O 10. Bb2 b6 11. a4 Bb7 12. h3 Rc8 13. Ng5 Nd5 14.
Nxh7 Kxh7 15. Qh5+ Kg8 16. Bxg7 Kxg7 17. Re4 Bg5 18. Rg4 f6 19. Bxd5 Rh8 20. Rxg5+ fxg5 21. Qg4 Qxd5 22. Re1 Nd4 23. f3 Rh4 24. Nh5+ Kh6 25.
Nf6 Rxg4 0-1

[Event "*** Titled Tuesday Blitz"]
[Site "Chess.com"]
[Date "2020.12.29"]
[Round "11"]
[White "Michaelson_11"]
[Black "AniJak"]
[Result "0-1"]
[WhiteElo "2210"]
[BlackElo "2349"]
[TimeControl "180+1"]
[EndTime "12:05:06 PST"]
[Termination "AniJak won by resignation"]

1. e4 c6 2. d4 d5 3. Nd2 dxe4 4. Nxe4 Nf6 5. Nxf6+ exf6 6. c3 Bd6 7. Bd3 O-O 8. Qc2 Re8+ 9. Ne2 h5 10. Be3 Nd7 11.
Ng3 Nf8 12. Nxh5 g6 13. Ng3 f5 14. Ne2 f4 15. Bd2 c5 16. O-O-O cxd4 17. Nxf4 dxc3 18. Qxc3 Bg4 19. Nd5 Be5 20. Rde1 Rc8 21. Rxe5 Rxc3+ 22. Bxc3 Rxe5 23. Bc4 Rxd5 24. Bxd5 Qxd5 25. f3 Bf5 26. Rd1 Qxa2 27. Kd2 Qd5+ 28. Ke2 Qc4+ 29. Kf2 b5 30. Rd8 b4 31. Be5 Qc5+ 32. Bd4 Qc2+ 33. Kg1 g5 34. Bf6 Qc5+ 35. Kf1 Qb5+ 36. Ke1 Qb6 37. Be7 Qe6+ 0-1

[Event "*** Titled Tuesday Blitz"]
[Site "Chess.com"]
[Date "2020.12.29"]
[Round "11"]
[White "Alexandr_Kholin"]
[Black "Evgeny81"]
[Result "1-0"]
[WhiteElo "2583"]
[BlackElo "2720"]
[TimeControl "180+1"]
[EndTime "12:05:07 PST"]
[Termination "Alexandr_Kholin won by resignation"]

1. d4 Nf6 2. c4 e5 3. dxe5 Ne4 4. Nf3 Nc6 5. Nbd2 Nc5 6. Nb3 Nxb3 7. Qxb3 Bb4+ 8. Bd2 Bxd2+ 9. Kxd2 Qe7 10. Qc3 d6 11. exd6 Qxd6+ 12. Ke1 Be6 13. Rd1 Qc5 14. Qxg7 Rf8 15. e3 Qa5+ 16. Qc3 Qxa2 17. Be2 Rg8 18. g3 a5 19. Nd4 Nxd4 20. Rxd4 Qb1+ 21. Rd1 Qe4 22. f3 Qc6 23. Kf2 a4 24. Rd2 h5 25.
Rhd1 Ke7 26. Qe5 h4 27. g4 a3 28. bxa3 Rxa3 29. Rd7+ Qxd7 30. Qc5+ Kf6 31. Rxd7 Ra2 32. Qd4+ Kg6 33. Rxc7 Re8 34. Rxb7 Kh7 35. Qf6 Kg8 36. Qg5+ Kf8 37. Qh6+ Kg8 38. Rb5 Rxe2+ 39. Kxe2 Bxc4+ 40. Kf2 Bxb5 41. Qg5+ Kh7 42. Qxb5 1-0

[Event "*** Titled Tuesday Blitz"]
[Site "Chess.com"]
[Date "2020.12.29"]
[Round "11"]
[White "swisspower96"]
[Black "frenchpin"]
[Result "1-0"]
[WhiteElo "2677"]
[BlackElo "2484"]
[TimeControl "180+1"]
[EndTime "12:05:07 PST"]
[Termination "swisspower96 won on time"]

1. d4 e6 2. e4 d5 3. Nc3 Bb4 4. e5 c5 5. a3 Bxc3+ 6. bxc3 Qa5 7. Bd2 Qa4 8. h4 b6 9. h5 h6 10. Bd3 Ba6 11. Qg4 Kf8 12. Rh3 Ne7 13. Rg3 Rg8 14.
Bh7 Ke8 15. Bxg8 Nxg8 16. Qxg7 Ne7 17. Qh7 cxd4 18. cxd4 Qb5 19. Rd3 Qb2 20. Rc1 Bxd3 21. Qxd3 Nbc6 22. Ne2 Rc8 23. g4 Kd7 24. Bxh6 Rg8 25.
f3 Na5 26. Bd2 Nec6 27. h6 Nc4 28. Qb3 Qxb3 29. cxb3 Nxd2 30. Kxd2 Na5 31. Kc3 Rh8 32. Rh1 Nc6 33. g5 Ne7 34. Ng3 Rg8 35. f4 Ng6 36. Nh5 Rh8 37. Kd3 1-0

[Event "*** Titled Tuesday Blitz"]
[Site "Chess.com"]
[Date "2020.12.29"]
[Round "11"]
[White "Martins-BR"]
[Black "PhoenixFire8"]
[Result "0-1"]
[WhiteElo "2275"]
[BlackElo "2427"]
[TimeControl "180+1"]
[EndTime "12:05:07 PST"]
[Termination "PhoenixFire8 won by checkmate"]

1. e4 c6 2. d4 g6 3. Nf3 Bg7 4. h3 d5 5. e5 Nh6 6. g4 O-O 7. Bg2 f6 8. exf6 exf6 9. O-O Nf7 10. Bf4 Nd6 11. Nbd2 Na6 12. c3 Nc7 13. Re1 Ne6 14.
Bg3 Bh6 15. Qc2 Nf4 16. Bxf4 Bxf4 17. Re2 f5 18. gxf5 Bxf5 19. Qb3 Qd7 20. Rae1 Bxh3 21. Ne5 Qf5 22. Nf1 Qg5 23. f3 Nf5 24. Ng4 Bxg4 25.
fxg4 Qxg4 26. Qxb7 Nh4 27. Rf2 Bd6 28. Ree2 Rxf2 29. Rxf2 Rf8 30. Qxc6 Rxf2 31. Qxd5+ Rf7 32. Ne3 Qg3 33. Qe6 Qh2# 0-1

[Event "*** Titled Tuesday Blitz"]
[Site "Chess.com"]
[Date "2020.12.29"]
[Round "11"]
[White "Denis_Palkovich"]
[Black "peixe64"]
[Result "0-1"]
[WhiteElo "2305"]
[BlackElo "2443"]
[TimeControl "180+1"]
[EndTime "12:05:10 PST"]
[Termination "peixe64 won by resignation"]

1. d4 Nf6 2. Bf4 e6 3. e3 d5 4. Nd2 Bd6 5. Bd3 Bxf4 6. exf4 O-O 7. Ngf3 c5 8. dxc5 Qc7 9. g3 Qxc5 10. O-O Nc6 11. c3 a5 12. Nb3 Qb6 13. Qe2 a4 14.
Nbd4 Bd7 15. a3 Rfe8 16. Kg2 Ne4 17. Rae1 Na5 18. Qc2 Nf6 19. Ne5 g6 20. g4 Rad8 21. h4 Nc6 22. Nexc6 bxc6 23. g5 Nh5 24. Qd2 c5 25.
Ne2 Bc6 26. f3 Rb8 27. Rb1 Bb5 28. Bxb5 Qxb5 29. Ng3 Nxg3 30. Kxg3 Qc4 31. h5 e5 32. Rh1 e4 33. fxe4 Rxe4 34. hxg6 fxg6 35. Qh2 Rb7 36. Rbe1 Qd3+ 37. Kg4 Rf7 38. Rxe4 Qxe4 39. Qg3 Qxh1 40. Qe3 Qe4 41. Qxc5 Qg2+ 0-1

[Event "*** Titled Tuesday Blitz"]
[Site "Chess.com"]
[Date "2020.12.29"]
[Round "11"]
[White "SergeyShtyka"]
[Black "azikom"]
[Result "0-1"]
[WhiteElo "2456"]
[BlackElo "2603"]
[TimeControl "180+1"]
[EndTime "12:05:12 PST"]
[Termination "azikom won on time"]

1. e4 d5 2. exd5 Qxd5 3. Nc3 Qa5 4. d4 c6 5. Nf3 Nf6 6. Bd2 Qb6 7. Bc4 Qxb2 8. Ne5 e6 9. O-O Qb6 10. Bg5 Nbd7 11. Re1 Be7 12. Nxf7 Kxf7 13. Rxe6 Kf8 14. d5 Qb4 15. d6 Qxc4 16. dxe7+ Kf7 17. Re3 h6 18.
Bxf6 Nxf6 19. Qd6 Re8 20. Rd1 Bf5 21. Rd4 Qa6 22. g4 Bxc2 23. Rf4 c5 24. Qd5+ Kg6 25. Re6 Qa3 26. Rexf6+ gxf6 27. Qh5+ Kg7 28. Ne4 Qc1+ 29.
Kg2 Qxf4 30. Nd6 Rxe7 31. Qg6+ Kxg6 0-1

[Event "*** Titled Tuesday Blitz"]
[Site "Chess.com"]
[Date "2020.12.29"]
[Round "11"]
[White "Region_07"]
[Black "MelihKaanCan"]
[Result "1-0"]
[WhiteElo "2473"]
[BlackElo "2336"]
[TimeControl "180+1"]
[EndTime "12:05:16 PST"]
[Termination "Region_07 won on time"]

1. d4 Nf6 2. Bg5 Ne4 3. h4 c5 4.
dxc5 Qa5+ 5. Nd2 e6 6. c3 Nxd2 7. Qxd2 Qxc5 8. e4 Nc6 9. Nf3 d5 10. O-O-O Be7 11. exd5 exd5 12. Qxd5 Qxd5 13. Rxd5 Be6 14.
Rd1 Bc5 15. Bb5 Bxf2 16. Ne5 O-O 17. Bxc6 bxc6 18. Nxc6 h6 19. Bf4 Bxa2 20. Rd7 Be6 21.
Rd2 Bb6 22. Re1 a5 23. Bd6 Rfe8 24. Rde2 a4 25. Ne7+ Kh7 26. Nd5 Bd8 27. g3 Ba5 28. Nf4 Bd7 29. Re5 a3 30. b4 Bb6 31. Nd5 Bf2 32. Rf1 Rxe5 33. Bxe5 1-0

[Event "*** Titled Tuesday Blitz"]
[Site "Chess.com"]
[Date "2020.12.29"]
[Round "11"]
[White "TregubovP"]
[Black "Dynamikus"]
[Result "1-0"]
[WhiteElo "2628"]
[BlackElo "2724"]
[TimeControl "180+1"]
[EndTime "12:05:17 PST"]
[Termination "TregubovP won by resignation"]

1. e4 c5 2. Nf3 d6 3. c3 Nf6 4. Be2 Bd7 5. Qc2 Bc6 6. d3 Nbd7 7. O-O Rc8 8. a3 g6 9. b4 b6 10. bxc5 bxc5 11. c4 Bg7 12. Nc3 O-O 13. Rb1 Ne8 14. Be3 Nc7 15. Qd2 Ne6 16. Nd5 Bxd5 17. exd5 Nd4 18.
Nxd4 cxd4 19. Bg5 Nc5 20. Rfe1 Re8 21. h4 Qd7 22. Qf4 Be5 23. Qd2 Qf5 24. Bf1 h5 25. g3 Bf6 26. Bf4 Rb8 27. Kh2 Kg7 28. Rb4 Na6 29.
Bh3 Nxb4 30. Bxf5 Na6 31. Bd7 Red8 32. Bb5 Nc5 33. Bh6+ Kh7 34. Bg5 a6 35. Bxf6 exf6 36. Bc6 Kg7 37. Re7 Rb3 38. Be8 Kf8 39. Qe2 1-0

[Event "*** Titled Tuesday Blitz"]
[Site "Chess.com"]
[Date "2020.12.29"]
[Round "11"]
[White "Chernobay_Artem"]
[Black "Moon_stone123"]
[Result "1-0"]
[WhiteElo "2617"]
[BlackElo "2429"]
[TimeControl "180+1"]
[EndTime "12:05:17 PST"]
[Termination "Chernobay_Artem won by resignation"]

1. d4 d5 2. Nc3 Nf6 3. Bf4 c6 4. e3 Bf5 5. Bd3 Bxd3 6. Qxd3 e6 7.
f3 Bd6 8. g4 Qc7 9. Bxd6 Qxd6 10. g5 Nfd7 11. f4 a6 12. Nf3 c5 13. Ne5 Nc6 14.
Nxd7 Qxd7 15. dxc5 O-O 16. a3 Rfd8 17. O-O-O Qe7 18.
Na4 Nb8 19. Qb3 Nd7 20. Qxb7 Rab8 21. Qc7 Rdc8 22. Qd6 Qe8 23. c6 Nf8 24. c7 Qxa4 25.
Rd4 Qe8 26. cxb8=Q Rxb8 27. Rb4 Rc8 28. Qxa6 e5 29. Rd1 exf4 30. exf4 Qe3+ 31. Kb1 Qe2 32. Qxe2 1-0

[Event "*** Titled Tuesday Blitz"]
[Site "Chess.com"]
[Date "2020.12.29"]
[Round "11"]
[White "zajka-molotok"]
[Black "javirec"]
[Result "1-0"]
[WhiteElo "2491"]
[BlackElo "2378"]
[TimeControl "180+1"]
[EndTime "12:05:18 PST"]
[Termination "zajka-molotok won by checkmate"]

1. e4 e5 2. Nf3 Nc6 3. Bb5 a6 4. Ba4 Nf6 5. Qe2 b5 6. Bb3 Be7 7. c3 O-O 8. d4 d6 9. O-O exd4 10. cxd4 Bg4 11. Rd1 Re8 12. h3 Bh5 13. Nc3 Bf8 14.
Bc2 Bg6 15. Bg5 Be7 16. a3 Nxe4 17. Nxe4 Bxg5 18. Nfxg5 Qxg5 19. Nxg5 Rxe2 20. Bxg6 hxg6 21. Rac1 Nd8 22. Rxc7 Rxb2 23. Re1 Ne6 24. Nxe6 fxe6 25. Rxe6 Rf8 26. Rxg6 Rfxf2 27. Rgxg7+ Kf8 28. h4 Rfc2 29. Rcf7+ Ke8 30. Ra7 Kf8 31. h5 Rc1+ 32. Kh2 Rbb1 33. Rh7 Kg8 34. h6 Rh1+ 35. Kg3 Rb3+ 36. Kg4 Rd1 37.
Rag7+ Kf8 38. Rh8# 1-0

[Event "*** Titled Tuesday Blitz"]
[Site "Chess.com"]
[Date "2020.12.29"]
[Round "11"]
[White "PowerThinking2650"]
[Black "LiderChessAcademy"]
[Result "1-0"]
[WhiteElo "2429"]
[BlackElo "2568"]
[TimeControl "180+1"]
[EndTime "12:05:20 PST"]
[Termination "PowerThinking2650 won on time"]

1. e4 c5 2. Nf3 d6 3. d4 cxd4 4.
Nxd4 Nf6 5. Nc3 a6 6. Bc4 e6 7.
O-O Nbd7 8. Bxe6 fxe6 9. Nxe6 Qa5 10. Nd5 Nxd5 11. exd5 Nf6 12. Bd2 Qb6 13. Be3 Qxb2 14. Nc7+ Kf7 15. Nxa8 Be7 16. Nb6 Bf5 17. c4 Bd8 18. Qb3 Qe5 19. h3 Re8 20. Rae1 Ne4 21. f4 Qf6 22. g4 Qh4 23. Bd4 Nd2 24. Bf2 Qh6 25. Qg3 Bh4 26. Qc3 Nxf1 27. Rxe8 Bxf2+ 28. Kxf2 Qxf4+ 29. Qf3 Qxf3+ 30. Kxf3 Kxe8 31. gxf5 Nd2+ 32. Kf4 1-0